 Dungeon Crawl Stone Soup version 0.28.0 (webtiles) character file.

Game seed: 15454334626879736058

92 Host24 the Bolt Thrower (level 4, -1/28 HPs)
             Began as a Kobold Hunter on Feb 20, 2022.
             Slain by a water moccasin (6 damage)
             ... on level 3 of the Dungeon.
             The game lasted 00:05:04 (2211 turns).

Host24 the Bolt Thrower (Kobold Hunter)             Turns: 2211, Time: 00:05:05

Health: -1/28      AC:  4    Str: 11    XL:     4   Next: 90%
Magic:  4/4        EV: 15    Int: 12    God:
Gold:   93         SH:  0    Dex: 21    Spells: 3/3 levels left

rFire   . . .      SeeInvis .   a - +1 hand crossbow
rCold   . . .      Faith    .   (no shield)
rNeg    . . .      Spirit   .   c - +0 leather armour
rPois   .          Reflect  .   (no helmet)
rElec   .          Harm     .   (no cloak)
rCorr   .          Rampage  .   h - +0 pair of gloves
Will    .....                   (no boots)
Stlth   +++.......              (no amulet)
HPRegen 0.09/turn               f - +6 ring of dexterity
MPRegen 0.09/turn               (no ring)

@: lethally poisoned (-1 -> -6)
A: small, no large weapons, nightstalker 3
a: no special abilities


You were on level 3 of the Dungeon.
You visited 1 branch of the dungeon, and saw 3 of its levels.

You collected 93 gold pieces.

Inventory:

Hand Weapons
 a - a +1 hand crossbow (weapon)
 b - a +0 short sword
Missiles
 d - 11 bolts (quivered ammo)
 e - 16 arrows
 k - 4 poisoned darts
Armour
 c - a +0 leather armour (worn)
 h - a +0 pair of gloves (worn)
Jewellery
 f - a +6 ring of dexterity (left hand)
Scrolls
 i - a scroll of identify {unknown}
Potions
 g - 3 potions of brilliance {unknown}
 j - a potion of degeneration {unknown}


   Skills:
 - Level 3.0 Fighting
 + Level 6.4 Crossbows
 - Level 3.0 Dodging
 - Level 1.3 Stealth


You had 3 spell levels left.
You didn't know any spells.
Your spell library was empty.

Dungeon Overview and Level Annotations

Branches:
Dungeon (3/15)

Altars:

Shops:
D:1 =


Innate Abilities, Weirdness & Mutations

You are small and have problems with some larger weapons.
You are completely attuned to the shadows.


Message History

Press: ? - help, Q - select action, (/) - cycle Shift-Dir - straight line, f/p - water moccasin
Aim: a water moccasin (lightly wounded, 56% to hit)
You shoot a bolt. The bolt hits the water moccasin!
The water moccasin is heavily wounded.
The water moccasin closely misses you.
Fire: 16 bolts
Press: ? - help, Q - select action, (/) - cycle Shift-Dir - straight line, f/p - water moccasin
Aim: a water moccasin (heavily wounded, 56% to hit)
You shoot a bolt.
The bolt barely misses the water moccasin.
The water moccasin misses you.
Fire: 15 bolts
Press: ? - help, Q - select action, (/) - cycle Shift-Dir - straight line, f/p - water moccasin
Aim: a water moccasin (heavily wounded, 56% to hit)
You shoot a bolt. The bolt misses the water moccasin.
The water moccasin bites you. The water moccasin bites you!
You are poisoned.
The water moccasin poisons you!
Fire: 14 bolts
Press: ? - help, Q - select action, (/) - cycle Shift-Dir - straight line, f/p - water moccasin
Aim: a water moccasin (heavily wounded, 56% to hit)
You shoot a bolt.
The bolt barely misses the water moccasin.
You feel very sick. The water moccasin bites you.
The water moccasin closely misses you.
Fire: 13 bolts
Press: ? - help, Q - select action, (/) - cycle Shift-Dir - straight line, f/p - water moccasin
Aim: a water moccasin (heavily wounded, 56% to hit)
You shoot a bolt.
The bolt closely misses the water moccasin.
* * * LOW HITPOINT WARNING * * *
You feel sick. The water moccasin closely misses you.
Fire: 12 bolts
Press: ? - help, Q - select action, (/) - cycle Shift-Dir - straight line, f/p - water moccasin
Aim: a water moccasin (heavily wounded, 56% to hit)
You shoot a bolt.
The bolt closely misses the water moccasin.
* * * LOW HITPOINT WARNING * * *
You feel sick. The water moccasin bites you.
You die...

#.# #...## #.....#..
##.#######.#..####.....#.##
#..........>...............
#############.######.#....#
.#....#.## ##.....##
.?....+..## #..).#.##
#....#...#....#.#..#
#....##....##.#.#...
#..@S##.#####.#.##..
...#..(....# #. .. ..
#....(..# . #.......#
#####.### ... ..


You could see a water moccasin.

Vanquished Creatures
  Jessica (D:2)
  3 adders (D:2)
  A worm (D:2)
  5 endoplasms (D:1)
  3 giant cockroaches (D:1)
  3 hobgoblins
  5 jackals
  A quokka (D:2)
  3 ball pythons
  A frilled lizard (D:1)
  4 goblins
  6 rats
36 creatures vanquished.

Notes
Turn   | Place    | Note
-------+----------+-------------------------------------------
     0 | D:1      | Host24 the Kobold Hunter began the quest for the Orb.
     0 | D:1      | Reached XP level 1. HP: 12/12 MP: 1/1
    70 | D:1      | Reached skill level 5 in Crossbows
   169 | D:1      | Reached XP level 2. HP: 16/18 MP: 2/2
   196 | D:1      | Found a faded altar of an unknown god.
   673 | D:1      | Reached XP level 3. HP: 23/23 MP: 3/3
   762 | D:1      | Found Cotsi's Jewellery Shoppe.
   977 | D:2      | Noticed Jessica
   984 | D:2      | Killed Jessica
   985 | D:2      | Reached XP level 4. HP: 28/28 MP: 4/4
  1167 | D:2      | Reached skill level 6 in Crossbows
  2200 | D:3      | Noticed a water moccasin
  2211 | D:3      | Slain by a water moccasin

Illustrated notes

Levels and vault maps discovered:
D:1:      minmay_arrival_four_houses, layout_loops_ring, serial_shops,
          nicolae_shop_temple_entry_statues_fountains,
          ebering_ecumenical_altar_abandoned, st_stairs_5
D:2:      layout_basic, minmay_misc_feat_rugged, uniq_jessica
D:3:      minmay_general_purpose_star, layout_basic, gup_sewer_entry_spiral,
          minmay_circle_x, uniq_natasha

Skill      XL: |  1  2  3  4 |
---------------+-------------+-----
Crossbows      | 5 6 |  6.4
Fighting       | 3 |  3.0
Dodging        | 3 |  3.0
Stealth        | |  1.3

Action                   |  1- 3 |  4- 6 || total
-------------------------+-------+-------++-------
Melee: Short sword       |    75 |    19 ||    94
 Fire: Hand crossbow     |     4 |    18 ||    22
 Stab: Sleeping          |    12 |     8 ||    20
Armor: Leather armour    |    15 |     3 ||    18
Dodge: Dodged            |    61 |    16 ||    77
